 Dungeon Crawl Stone Soup version 0.31-a0-986-g5e6e4ef867 (webtiles) character file.

Game seed: 12010175583123422816

366 grandjackal the Slasher (level 6, -11/48 HPs)
             Began as a Demonspawn Gladiator on Nov 17, 2023.
             Mangled by an iguana (13 damage)
             ... on level 4 of the Dungeon.
             The game lasted 00:02:35 (1741 turns).

grandjackal the Slasher (Demonspawn Gladiator)      Turns: 1741, Time: 00:02:36

Health: -11/48     AC:  4    Str: 16    XL:     6   Next: 40%
Magic:  18/18      EV: 13    Int:  9    God:
Gold:   246        SH:  0    Dex: 15    Spells: 9/9 levels left

rFire   . . .        a - +0 long sword
rCold   . . .        (no shield)
rNeg    . . .        b - +0 leather armour
rPois   +            c - +0 helmet
rElec   .            (no cloak)
rCorr   .            (no gloves)
SInv    .            (no boots)
Will    .....        g - amulet of regeneration
Stlth   +            h - ring of poison resistance
HPRegen 1.08/turn    o - ring of magical power
MPRegen 0.16/turn

%: no passive effects
@: no status effects
A: ignite blood 1, demonic magic 1, demonic touch 2
a: no special abilities


You were on level 4 of the Dungeon.
You visited 1 branch of the dungeon, and saw 4 of its levels.

You collected 246 gold pieces.

Inventory:

Hand Weapons
 a - a +0 long sword (weapon)
Missiles
 d - 2 throwing nets (quivered)
 e - 5 javelins
Armour
 b - a +0 leather armour (worn)
 c - a +0 helmet (worn)
Jewellery
 g - an amulet of regeneration (around neck)
 h - a ring of poison resistance (left hand)
 o - a ring of magical power (right hand)
Wands
 s - a wand of charming (4)
Scrolls
 i - 3 scrolls of amnesia {unknown}
 m - 3 scrolls of identify {unknown}
 n - 2 scrolls of revelation {unknown}
 p - 2 scrolls of teleportation {unknown}
 w - 3 scrolls of fear {unknown}
Potions
 f - 2 potions of curing {unknown}
 j - a potion of attraction {unknown}
 k - 2 potions of degeneration {unknown}
 l - 3 potions of heal wounds {unknown}
 q - a potion of mutation {unknown}
 r - a potion of lignification {unknown}
 t - a potion of ambrosia {unknown}
 u - a potion of invisibility {unknown}
 v - a potion of cancellation {unknown}


   Skills:
 + Level 3.8 Fighting
 + Level 4.0 Long Blades
 - Level 2.1 Throwing
 + Level 4.0 Dodging
 + Level 2.2 Spellcasting


You had 9 spell levels left.
You didn't know any spells.
Your spell library was empty.

Dungeon Overview and Level Annotations

Branches:
Dungeon (4/15)
 Temple: D:4-7

Altars:


Innate Abilities, Weirdness & Mutations

Your demonic aura sometimes causes spilled blood to erupt in flames.
Spells you cast may paralyse adjacent enemies.
Your touch may inflict irresistible damage on your foes.


Message History

An iguana is nearby!
A hobgoblin comes into view.
The hobgoblin shouts!
The iguana hisses angrily.
You hear a shout! x2
You hit the iguana but do no damage. The iguana misses you.
You slash the iguana!
You touch the iguana!
You kill the iguana!
An iguana comes into view. 2 orcs come into view.
The orc shouts! x2; The iguana hisses angrily.
You hear a shout!
The hobgoblin hits you.
The orc moves out of view.
You slash the hobgoblin!
You kill the hobgoblin!
An orc comes into view. It is wielding a +0 club.
Found a dark potion.
You closely miss the orc. The orc misses you.
You barely miss the orc. The orc barely misses you.
You closely miss the iguana. The iguana bites you!
The orc hits you but does no damage.
You hit the iguana but do no damage. The iguana bites you.
You closely miss the iguana. The orc completely misses you.
An orc comes into view. It is wielding a +0 flail.
The iguana barely misses you.
You hit the iguana but do no damage.
You touch the iguana!
The iguana is severely wounded.
The orc misses you. The iguana bites you!
The orc hits you with a +0 short sword.
You hit the iguana.
The iguana is almost dead.
The orc barely misses you. The orc hits you with a +0 hand axe.
The iguana bites you! The orc hits you with a +0 short sword.
* * * LOW HITPOINT WARNING * * *
The orc barely misses you. The orc hits you with a +0 flail.
* * * LOW HITPOINT WARNING * * *
The iguana misses you. The orc hits you with a +0 hand axe.
* * * LOW HITPOINT WARNING * * *
You are too injured to fight recklessly!
The orc hits you with a +0 hand axe.
* * * LOW HITPOINT WARNING * * *
The iguana bites you!
You die...

...# .....# .....#
. ##..... .# ##.
### #..... ..# .?
..# #.##o# ...
#.##.# #.##o# .. #
##..#.###..°o#.# ..
...#.##..ol@.# #
#.###.#.##.....##
#.#.......#..###.#
.....#.#.....# #.#
#.##.#.>.##..# #..
#........###....!..
.........#
##.#...#. ###.#...#
##...### # #.##.##
.


You could see an iguana and 4 orcs.

Vanquished Creatures
  Menkaure (D:4)
  A scorpion (D:4)
  Ijyb (D:3)
  An iguana (D:4)
  An orc wizard (D:3)
  4 adders
  3 worms
  2 dart slugs
  5 orcs (D:3)
  4 ball pythons
  9 endoplasms
  2 giant cockroaches
  4 goblins
  7 hobgoblins
  3 quokkas
  3 bats
  3 frilled lizards
  6 kobolds
  3 rats
63 creatures vanquished.

Notes
Turn   | Place    | Note
-------+----------+-------------------------------------------
     0 | D:1      | grandjackal the Demonspawn Gladiator began the quest for
                  | the Orb.
     0 | D:1      | Reached XP level 1. HP: 16/16 MP: 1/1
   175 | D:1      | Gained mutation: Your touch may inflict minor irresistible
                  | damage on your foes. [demonic ancestry]
   175 | D:1      | Reached XP level 2. HP: 22/22 MP: 2/2
   665 | D:2      | Gained mutation: Spells you cast may paralyse adjacent
                  | enemies. [demonic ancestry]
   665 | D:2      | Reached XP level 3. HP: 26/28 MP: 3/3
   828 | D:2      | Found a faded altar of an unknown god.
   887 | D:2      | Gained mutation: Your demonic aura sometimes causes spilled
                  | blood to erupt in flames. [demonic ancestry]
   887 | D:2      | Reached XP level 4. HP: 34/34 MP: 4/4
  1254 | D:3      | Noticed Ijyb
  1268 | D:3      | Killed Ijyb
  1269 | D:3      | Reached skill level 1 in Spellcasting
  1508 | D:3      | Reached XP level 5. HP: 41/41 MP: 6/6
  1613 | D:4      | Noticed Menkaure
  1635 | D:4      | Killed Menkaure
  1636 | D:4      | Gained mutation: Your touch may inflict irresistible damage
                  | on your foes. [demonic ancestry]
  1636 | D:4      | Reached XP level 6. HP: 41/47 MP: 8/8
  1741 | D:4      | HP: 2/48 [orc/+0 hand axe (6)]
  1741 | D:4      | Mangled by an iguana

Illustrated notes

Levels and vault maps discovered:
D:1:      wander_arrival_chamber, layout_loops_cross
D:2:      layout_rooms, hellmonk_ecumenical_altar_heavens_door,
          minmay_gold_behind_fungi
D:3:      layout_basic, minivault_24, minivault_14, uniq_ijyb
D:4:      layout_loops_cross, uniq_menkaure

Skill      XL: |  1  2  3  4  5  6 |
---------------+-------------------+-----
Throwing       | 2 |  2.1
Long Blades    | 3 4 |  4.0
Dodging        | 3 4 |  4.0
Fighting       | 3 |  3.8
Spellcasting   | 1 2 |  2.2

Action                     |  1- 3 |  4- 6 || total
---------------------------+-------+-------++-------
  Melee: Long sword        |    67 |    69 ||   136
         Touch             |    13 |    16 ||    29
  Throw: Throwing net      |       |     2 ||     2
   Stab: Sleeping          |     1 |     2 ||     3
         Held in net/web   |       |     1 ||     1
 Armour: Leather armour    |    35 |    34 ||    69
  Dodge: Dodged            |    31 |    38 ||    69

Table legend: (Time is in decaauts)
 A = Elapsed time spent in this place.
 B = Non-inter-level travel time spent in this place.
 C = Inter-level travel time spent in this place.
 D = Time resting spent in this place.
 E = Time spent auto-exploring this place.
 F = Levels seen in this place.
 G = Mean time per level.
                   A        B        C        D        E       F      G
               +--------+--------+--------+--------+--------+-----+--------+
         Total |   1770 |   1724 |     46 |     64 |   1241 |   4 |  442.5 |
       Dungeon |   1770 |   1724 |     46 |     64 |   1241 |   4 |  442.5 |
               +--------+--------+--------+--------+--------+-----+--------+

Top non-repeatable levels by time:
     D:1: 668 daAuts
     D:3: 500 daAuts
     D:2: 450 daAuts
     D:4: 150 daAuts
